 Dungeon Crawl Stone Soup version 0.28-a0-941-g140ffa10cf (webtiles) character file.

Game seed: 4381158991790950813

113 Ijustatesigmund the Charlatan (level 4, 0/34 HPs)
             Began as a Gnoll Artificer on Nov 29, 2021.
             Constricted to death by a ball python (1 damage)
             ... in a sewer.
             The game lasted 00:09:04 (4622 turns).

Ijustatesigmund the Charlatan (Gnoll Artificer)     Turns: 4622, Time: 00:09:06

Health: 0/34       AC:  3    Str: 12    XL:     4   Next: 96%
Magic:  5/5        EV:  4    Int: 11    God:
Gold:   51         SH: 11    Dex: 12    Spells: 5/5 levels left

rFire   . . .      SeeInvis .   a - +0 mace
rCold   . . .      Faith    .   k - +0 tower shield
rNeg    . . .      Spirit   .   b - +0 leather armour
rPois   .          Reflect  .   (no helmet)
rElec   .          Harm     .   (no cloak)
rCorr   .          Rampage  .   (no gloves)
Will    .....                   (no boots)
Stlth   ++........              (no amulet)
HPRegen 0.11/turn               (no ring)
MPRegen 0.09/turn               (no ring)

@: about to teleport, constricted
A: fangs 1, strong nose, distributed training
a: no special abilities


You were in a sewer.
You visited 1 branch of the dungeon, and saw 4 of its levels.
You also visited: Sewer.

You collected 51 gold pieces.

Inventory:

Hand Weapons
 a - a +0 mace (weapon)
Missiles
 f - 4 javelins
Armour
 b - a +0 leather armour (worn)
 k - a +0 tower shield (worn)
Wands
 c - a wand of flame (6) (quivered)
 d - a wand of charming (3)
 h - a wand of iceblast (5)
Potions
 g - a potion of might {unknown}
 i - a potion of resistance {unknown}
 l - 2 potions of mutation {unknown}
 m - a potion of haste {unknown}
Miscellaneous
 e - a piece from Xom's chessboard (14/15)


   Skills:
 + Level 2.8 Fighting
 + Level 1.3 Short Blades
 + Level 1.3 Long Blades
 + Level 1.3 Axes
 + Level 1.3 Maces & Flails
 + Level 1.3 Polearms
 + Level 1.3 Staves
 + Level 1.3 Slings
 + Level 1.3 Bows
 + Level 1.3 Crossbows
 + Level 1.3 Throwing
 + Level 4.7 Armour
 + Level 2.8 Dodging
 + Level 2.6 Stealth
 + Level 1.3 Shields
 + Level 1.3 Unarmed Combat
 + Level 1.3 Spellcasting
 + Level 1.0 Conjurations
 + Level 1.0 Hexes
 + Level 1.0 Summonings
 + Level 1.0 Necromancy
 + Level 1.0 Translocations
 + Level 1.0 Transmutations
 + Level 1.0 Fire Magic
 + Level 1.0 Ice Magic
 + Level 1.0 Air Magic
 + Level 1.0 Earth Magic
 + Level 1.0 Poison Magic
 + Level 1.4 Invocations
 + Level 6.6 Evocations


You had 5 spell levels left.
You didn't know any spells.
Your spell library was empty.

Dungeon Overview and Level Annotations

Branches:
Dungeon (4/15)              Sewer (1/1)
 Temple: D:4-7

Altars:


Innate Abilities, Weirdness & Mutations

You have very sharp teeth.
Your uncanny sense of smell can sniff out nearby items.
Your experience applies equally to all skills.


Message History

l - an amethyst potion
l - 2 amethyst potions (gained 1)
m - a green potion
There is an open door here.
You enter the shallow water.
Moving in this stuff is going to be slow.
Found 24 stones and a curved smoking staff.
You see here a staff of cold.
n - a staff of cold Drop what? 14/52 slots (_ for help) (? for menu, Esc to quit)
You drop a staff of cold.
As you read the scroll labelled VUPOTA KEZXULE, it crumbles to dust.
You feel strangely unstable.
It was a scroll of teleportation.
You start waiting.
Your surroundings suddenly seem different.
A frilled lizard, 7 ball pythons and 2 bullfrogs come into view.
The ball python hisses angrily. x2; The bullfrog croaks.
The frilled lizard hisses angrily.
The ball python hisses angrily.
The bullfrog hits you but does no damage.
You block the ball python's attack. The ball python grabs you.
The ball python constricts you. The frilled lizard bites you.
You block the bullfrog's attack.
The ball python hisses angrily. x2
As you read the scroll of teleportation, it crumbles to dust.
You feel strangely unstable. The ball python bites you.
The ball python constricts you. The ball python bites you.
The ball python bites you but does no damage. x2
The bullfrog hits you. x2; The frilled lizard bites you.
The ball python closely misses you. The ball python constricts you.
The ball python bites you.
* * * LOW HITPOINT WARNING * * *
You block the ball python's attack.
You make a move on Xom's chessboard...
The ball python seems to speed up.
The bullfrog hits you!
* * * LOW HITPOINT WARNING * * *
The ball python bites you but does no damage.
The bullfrog hits you.
* * * LOW HITPOINT WARNING * * *
You block the ball python's attack. x2; The ball python constricts you.
You die...

# ######
.....##
######
......##
∆∆∆##FF..##
.......# ∆
∆+S@SS..#
#......##
∆∆∆#SlSS..#
##......#
#.S....#
###.≈≈.##
##≈....#
##≈≈≈≈≈≈#
≈≈#≈≈≈#
#≈≈≈≈≈≈#
≈≈≈≈≈≈#
#≈≈≈≈≈≈#
≈≈≈≈≈≈#
#≈≈≈≈≈≈#
#≈≈≈≈≈≈#
#≈≈≈≈≈≈#


You could see 2 bullfrogs, 7 ball pythons and a frilled lizard.

Vanquished Creatures
  3 adders
  2 river rats (Sewer)
  A worm (D:2)
  3 dart slugs
  10 ball pythons
  3 endoplasms
  A giant cockroach (D:2)
  3 hobgoblins
  6 jackals
  2 kobolds
  A quokka (D:4)
  4 bats
  7 frilled lizards
  16 rats
62 creatures vanquished.

Vanquished Creatures (collateral kills)
  A jackal (D:1)
  A frilled lizard (D:1)
  A kobold (D:1)
  A rat (Sewer)
4 creatures vanquished.

Vanquished Creatures (others)
  A frilled lizard (D:1)
  A plant (D:3)
2 creatures vanquished.

Grand Total: 68 creatures vanquished

Notes
Turn   | Place    | Note
-------+----------+-------------------------------------------
     0 | D:1      | Ijustatesigmund the Gnoll Artificer began the quest for the
                  | Orb.
     0 | D:1      | Reached XP level 1. HP: 17/17 MP: 1/1
   730 | D:1      | Reached XP level 2. HP: 9/23 MP: 2/2
  1349 | D:1      | Found a faded altar of an unknown god.
  2539 | D:2      | Reached XP level 3. HP: 28/28 MP: 3/3
  2915 | D:2      | Reached skill level 1 in Invocations
  3236 | D:2      | Reached skill level 1 in Short Blades
  3236 | D:2      | Reached skill level 1 in Long Blades
  3236 | D:2      | Reached skill level 1 in Axes
  3236 | D:2      | Reached skill level 1 in Maces & Flails
  3236 | D:2      | Reached skill level 1 in Polearms
  3236 | D:2      | Reached skill level 1 in Staves
  3236 | D:2      | Reached skill level 1 in Slings
  3236 | D:2      | Reached skill level 1 in Bows
  3236 | D:2      | Reached skill level 1 in Crossbows
  3236 | D:2      | Reached skill level 1 in Throwing
  3236 | D:2      | Reached skill level 1 in Shields
  3236 | D:2      | Reached skill level 1 in Unarmed Combat
  3236 | D:2      | Reached skill level 1 in Spellcasting
  3565 | D:3      | Reached XP level 4. HP: 34/34 MP: 5/5
  3804 | D:3      | Found a glowing drain.
  3820 | Sewer    | Entered a sewer
  4003 | Sewer    | Reached skill level 1 in Conjurations
  4003 | Sewer    | Reached skill level 1 in Hexes
  4003 | Sewer    | Reached skill level 1 in Summonings
  4003 | Sewer    | Reached skill level 1 in Necromancy
  4003 | Sewer    | Reached skill level 1 in Translocations
  4003 | Sewer    | Reached skill level 1 in Transmutations
  4003 | Sewer    | Reached skill level 1 in Fire Magic
  4003 | Sewer    | Reached skill level 1 in Ice Magic
  4003 | Sewer    | Reached skill level 1 in Air Magic
  4003 | Sewer    | Reached skill level 1 in Earth Magic
  4003 | Sewer    | Reached skill level 1 in Poison Magic
  4620 | Sewer    | Noticed a bullfrog
  4620 | Sewer    | Noticed a bullfrog
  4622 | Sewer    | HP: 1/34 [bullfrog (2)]
  4622 | Sewer    | Constricted to death by a ball python

Illustrated notes

Levels and vault maps discovered:
D:1:      dpeg_arrival_castle, layout_loops_ring, serial_forest,
          infiniplex_forest_end_3, infiniplex_forest_clump_cross,
          infiniplex_forest_end_3, infiniplex_forest_clump_diagonal,
          nicolae_ecumenical_snake_handling, kennysheep_decorative_pillar,
          minmay_misc_feat_tower
D:2:      layout_loops_ring
D:3:      wad_lake_hut, layout_rooms, portal_sewer_entry_d
D:4:      layout_gridville
Sewer:    sewer_minmay_w

Skill      XL: |  1  2  3  4 |
---------------+-------------+-----
Invocations    | 1 |  1.4
Short Blades   | 1 |  1.3
Long Blades    | 1 |  1.3
Axes           | 1 |  1.3
Maces & Flails | 1 |  1.3
Polearms       | 1 |  1.3
Staves         | 1 |  1.3
Slings         | 1 |  1.3
Bows           | 1 |  1.3
Crossbows      | 1 |  1.3
Throwing       | 1 |  1.3
Shields        | 1 |  1.3
Unarmed Combat | 1 |  1.3
Spellcasting   | 1 |  1.3
Conjurations   | 1 |  1.0
Hexes          | 1 |  1.0
Summonings     | 1 |  1.0
Necromancy     | 1 |  1.0
Translocations | 1 |  1.0
Transmutations | 1 |  1.0
Fire Magic     | 1 |  1.0
Ice Magic      | 1 |  1.0
Air Magic      | 1 |  1.0
Earth Magic    | 1 |  1.0
Poison Magic   | 1 |  1.0
Fighting       | |  2.8
Armour         | |  4.7
Dodging        | |  2.8
Stealth        | |  2.6
Evocations     | |  6.6

Action                   |  1- 3 |  4- 6 || total
-------------------------+-------+-------++-------
Melee: Mace              |   124 |    49 ||   173
       Club              |     2 |       ||     2
       Bite              |    11 |     2 ||    13
       Punch             |     1 |       ||     1
Evoke: Wand              |    16 |    15 ||    31
       Piece from Xom's  |       |     1 ||     1
  Use: Scroll            |       |     4 ||     4
 Stab: Sleeping          |     2 |       ||     2
       Betrayed ally     |     1 |       ||     1
Armor: Leather armour    |    39 |    25 ||    64
Dodge: Dodged            |    97 |    27 ||   124
Block: Tower shield      |       |    36 ||    36

Table legend: (Time is in decaauts)
 A = Elapsed time spent in this place.
 B = Non-inter-level travel time spent in this place.
 C = Inter-level travel time spent in this place.
 D = Time resting spent in this place.
 E = Time spent auto-exploring this place.
 F = Levels seen in this place.
 G = Mean time per level.
                   A        B        C        D        E       F      G
               +--------+--------+--------+--------+--------+-----+--------+
         Total |   4788 |   4723 |     65 |   1773 |   2164 |   5 |  957.6 |
       Dungeon |   3881 |   3816 |     65 |   1304 |   1952 |   4 |  970.2 |
         Sewer |    906 |    906 |      0 |    469 |    211 |   1 |  906.0 |
               +--------+--------+--------+--------+--------+-----+--------+

Top non-repeatable levels by time:
     D:1: 2476 daAuts
     D:2: 1068 daAuts
   Sewer: 906 daAuts
     D:3: 201 daAuts
     D:4: 134 daAuts
